 Dungeon Crawl Stone Soup version 0.26-a0-639-g72c4674329 (webtiles) character file.

Game seed: 11725706385933751271

1299 Flugslaktarn the Skirmisher (level 8, 0/73 HPs)
             Began as a Minotaur Fighter on Sept 22, 2020.
             Was a Priest of Okawaru.
             Killed from afar by an orc wizard (9 damage)
             ... with a magic dart
             ... on level 6 of the Dungeon.
             The game lasted 00:01:45 (4280 turns).

Flugslaktarn the Skirmisher (Minotaur Fighter)      Turns: 4280, Time: 00:01:45

Health: 0/73       AC: 10    Str: 23    XL:     8   Next: 31%
Magic:  7/8        EV: 12    Int:  6    God:    Okawaru [***...]
Gold:   139        SH: 12    Dex:  9    Spells: 7/7 levels left

rFire    . . .     SeeInvis .   a - +0 war axe
rCold    . . .     Faith    .   c - +0 kite shield
rNeg     . . .     Spirit   .   b - +0 scale mail
rPois    .         Reflect  .   (helmet restricted)
rElec    .         Harm     .   (no cloak)
rCorr    .         Rampage  .   f - +0 pair of gloves
MR       .....                  (no boots)
Stlth    +.........             (no amulet)
HPRegen  0.22/turn              (no ring)
MPRegen  0.11/turn              (no ring)

@: mighty, heroism
A: retaliatory headbutt, horns 2
a: Heroism, Renounce Religion


You were on level 6 of the Dungeon.
You worshipped Okawaru.
Okawaru was most pleased with you.
You visited 1 branch of the dungeon, and saw 6 of its levels.

You collected 139 gold pieces.

Inventory:

Hand Weapons
 a - a +0 war axe (weapon)
Missiles
 s - a throwing net (quivered)
Armour
 b - a +0 scale mail (worn)
 c - a +0 kite shield (worn)
 f - a +0 pair of gloves (worn)
   (You found it on level 1 of the Dungeon)
Jewellery
 q - an uncursed ring of poison resistance {unknown}
   (You found it on level 4 of the Dungeon)
 t - an uncursed amulet of the acrobat {unknown}
   (You found it on level 5 of the Dungeon)
Scrolls
 e - 2 scrolls of teleportation {unknown}
 g - 2 scrolls of amnesia {unknown}
 j - a scroll of blinking {unknown}
 m - 3 scrolls of enchant armour {unknown}
 o - 3 scrolls of remove curse {unknown}
 p - 2 scrolls of fog {unknown}
 r - a scroll of identify {unknown}
Potions
 d - 2 potions of might
 h - 4 potions of curing {unknown}
 i - 3 potions of stabbing {unknown}
 k - 2 potions of haste {unknown}
 l - 2 potions of lignification {unknown}
 n - 3 potions of degeneration {unknown}


   Skills:
 * Level 7.3(12.3) Fighting
 * Level 6.8(11.8) Axes
 + Level 5.7(10.7) Armour
 + Level 2.9(7.9) Dodging
 + Level 5.6(10.6) Shields
 + Level 2.6 Invocations


You had 7 spell levels left.
You didn't know any spells.
Your spell library was empty.

Dungeon Overview and Level Annotations

Branches:
Dungeon (6/15)
 Temple: D:4-7

Altars:
Okawaru
Xom
Yredelemnul

Shops:
D:5 =


Innate Abilities, Weirdness & Mutations

You reflexively headbutt those who attack you in melee.
You have a pair of horns on your head.


Message History

Okawaru accepts your kill.
Okawaru will now gift you ammunition as you gain piety.
The orc warrior hits you with a +0 glaive!
* * * LOW HITPOINT WARNING * * *
The orc priest looks braver for a moment.
The orc wizard casts a cantrip, but nothing happens.
You slash the orc warrior!
The orc warrior is almost dead.
You closely miss the orc.
The orc priest hits you but does no damage.
You block the orc's attack. You block the orc warrior's attack.
You slice the orc warrior!!
You kill the orc warrior!
Okawaru accepts your kill.
You closely miss the orc.
The phantom blinks!
You block the orc priest's attack.
You closely miss the phantom. You closely miss the orc wizard.
The orc wizard gestures at you while chanting.
The magic dart hits you!
You die...

.....# .....#
.....# . #.#..
.. #.#.# ..
#.oZ# .#
#.#####.#o#oZ#
.......W@)o5.#
########)###.#
#†# #.# #.#
#.# #.# ..#
###


You could see a phantom, 2 orc priests, an orc wizard (fast), a shadow imp, a
jackal skeleton and a howler monkey skeleton.

Vanquished Creatures
  Sigmund (D:5)
  Duvessa (D:5)
  An orc warrior (D:6)
  An ogre (D:4)
  A centaur (D:5)
  Blork the orc (D:6)
  A bullfrog (D:6)
  Dowan (D:5)
  A howler monkey (D:5)
  A bullfrog zombie (D:5)
  A quasit (D:6)
  A hound (D:4)
  4 orc priests
  2 bullfrog skeletons (D:5)
  4 worker ants
  A hound zombie (D:6)
  A hound skeleton (D:4)
  A worker ant zombie (D:5)
  4 gnolls (D:4)
  An adder (D:4)
  4 river rats (D:5)
  A shadow imp (D:5)
  A white imp (D:5)
  An ufetubus (D:5)
  2 oozes (D:4)
  An adder skeleton (D:4)
  A worm (D:3)
  A leopard gecko (D:5)
  9 orcs
  2 goblins
  11 jackals
  2 quokkas
  A ball python (D:4)
  2 frilled lizards
  3 kobolds
  2 quokka skeletons (D:5)
  2 rats (D:1)
76 creatures vanquished.

Vanquished Creatures (others)
  11 plants (D:5)
11 creatures vanquished.

Grand Total: 87 creatures vanquished

Notes
Turn   | Place    | Note
-------+----------+-------------------------------------------
     0 | D:1      | Flugslaktarn the Minotaur Fighter began the quest for the
                  | Orb.
     0 | D:1      | Reached XP level 1. HP: 19/19 MP: 0/0
   104 | D:2      | Reached XP level 2. HP: 27/27 MP: 1/1
   200 | D:3      | Found an iron altar of Okawaru.
   217 | D:3      | Became a worshipper of Warmaster Okawaru
  1113 | D:4      | Reached skill level 4 in Fighting
  1130 | D:4      | Noticed an ogre
  1135 | D:4      | Killed an ogre
  1135 | D:4      | Reached * piety under Okawaru
  1135 | D:4      | Reached XP level 3. HP: 11/34 MP: 2/2
  1135 | D:4      | Reached XP level 4. HP: 13/41 MP: 3/3
  1693 | D:4      | Reached skill level 5 in Fighting
  1693 | D:4      | Reached XP level 5. HP: 9/48 MP: 4/4
  2276 | D:4      | Reached XP level 6. HP: 56/56 MP: 5/5
  2532 | D:5      | Entered Level 5 of the Dungeon
  2533 | D:5      | Noticed Sigmund
  2759 | D:5      | Reached skill level 5 in Axes
  2759 | D:5      | Reached skill level 1 in Dodging
  2774 | D:5      | Killed Sigmund
  2774 | D:5      | Reached ** piety under Okawaru
  2774 | D:5      | Reached skill level 6 in Fighting
  2774 | D:5      | Reached skill level 1 in Invocations
  2774 | D:5      | Reached XP level 7. HP: 14/63 MP: 6/6
  3025 | D:5      | Found Cooblo Peph's Jewellery Emporium.
  3041 | D:5      | Found a basalt altar of Yredelemnul.
  3048 | D:5      | Reached skill level 5 in Armour
  3224 | D:5      | Reached skill level 5 in Shields
  3304 | D:5      | Found a shimmering altar of Xom.
  3519 | D:5      | Noticed Duvessa
  3521 | D:5      | Noticed Dowan
  3532 | D:5      | Killed Duvessa
  3535 | D:5      | Killed Dowan
  4259 | D:6      | Reached XP level 8. HP: 65/71 MP: 8/8
  4265 | D:6      | Reached skill level 7 in Fighting
  4271 | D:6      | Noticed Blork the orc
  4277 | D:6      | Killed Blork the orc
  4277 | D:6      | Reached *** piety under Okawaru
  4280 | D:6      | Killed from afar by an orc wizard

Illustrated notes

Levels and vault maps discovered:
D:1:      lightli_arrival_maybe_door_vault, layout_loops_corners,
          hangedman_decor_points, minmay_misc_feat_columns, cheibriados_altar_1
D:2:      cheibrodos_helix_gallery, layout_rooms,
          chequers_ecumenical_altar_grove
D:3:      layout_loops_ring, nicolae_overflow_hidden_temple,
          portal_sewer_entry_b, kennysheep_pointless_box, okawaru_trees_2,
          uniq_jessica, uniq_grinder
D:4:      layout_basic
D:5:      wad_woods_stonehenge, layout_basic, basic_altar, serial_shops,
          nicolae_shop_trees, chequers_serial_rivers_large_a, uniq_sigmund,
          uniq_duvessa
D:6:      layout_loops_ring, temple_pool_b, serial_shops,
          nicolae_shop_statue_plus, uniq_blork_the_orc, uniq_menkaure

Skill      XL: |  1  2  3  4  5  6  7  8 |
---------------+-------------------------+-----
Axes           | 3 4 5 6 |  6.8
Fighting       | 4 5 6 7 |  7.3
Armour         | 4 5 |  5.7
Shields        | 4 5 |  5.6
Dodging        | 1 2 |  2.9
Invocations    | 1 2 |  2.6

Action                   |  1- 3 |  4- 6 |  7- 9 || total
-------------------------+-------+-------+-------++-------
Melee: War axe           |    23 |    91 |    82 ||   196
       Headbutt          |     5 |    16 |    19 ||    40
Invok: Heroism           |       |     1 |     2 ||     3
  Use: Potion            |       |       |     1 ||     1
Armor: Scale mail        |     7 |    40 |    29 ||    76
Dodge: Dodged            |     7 |    28 |    31 ||    66
Block: Kite shield       |     7 |    50 |    48 ||   105

Table legend: (Time is in decaauts)
 A = Elapsed time spent in this place.
 B = Non-inter-level travel time spent in this place.
 C = Inter-level travel time spent in this place.
 D = Time resting spent in this place.
 E = Time spent auto-exploring this place.
 F = Levels seen in this place.
 G = Mean time per level.
                   A        B        C        D        E       F      G
               +--------+--------+--------+--------+--------+-----+--------+
         Total |   4354 |   4244 |    110 |   1708 |   2028 |   6 |  725.7 |
       Dungeon |   4354 |   4244 |    110 |   1708 |   2028 |   6 |  725.7 |
               +--------+--------+--------+--------+--------+-----+--------+

Top non-repeatable levels by time:
     D:4: 1668 daAuts
     D:5: 1548 daAuts
     D:3: 978 daAuts
     D:1: 93 daAuts
     D:2: 38 daAuts
     D:6: 27 daAuts
